 Dungeon Crawl Stone Soup version 0.24-a0-584-g9d6b971ae4 (webtiles) character file.

Game seed: 1132497360165791694, levelgen mode: deterministic

5 Mithandil the Skirmisher (level 1, -1/18 HPs)
             Began as a Demonspawn Abyssal Knight on Sept 4, 2019.
             Was an Initiate of Lugonu.
             Slain by a jackal (3 damage)
             ... on level 1 of the Dungeon.
             The game lasted 00:01:47 (281 turns).

Mithandil the Skirmisher (Demonspawn Abyssal Knight) Turns: 281, Time: 00:01:47

Health: -1/18      AC:  3    Str: 12    XL:     1   Next: 66%
Magic:  2/2        EV: 11    Int: 13    God:    Lugonu [......]
Gold:   29         SH:  0    Dex: 12    Spells: 0/0 levels left

rFire    . . .     SeeInvis .   a - +1 falchion
rCold    . . .     Gourm    .   (no shield)
rNeg     . . .     Faith    .   b - +0 leather armour
rPois    .         Spirit   .   (no helmet)
rElec    .         Reflect  .   (no cloak)
rCorr    .         Harm     .   (no gloves)
MR       .....                  (no boots)
Stlth    +.........             (no amulet)
HPRegen  0.06/turn              (no ring)
MPRegen  0.08/turn              (no ring)

@: no status effects
A: no striking features
a: Renounce Religion


You were on level 1 of the Dungeon.
You worshipped Lugonu.
Lugonu was noncommittal.
You were not hungry.

You visited 1 branch of the dungeon, and saw 1 of its levels.
You visited the Abyss 1 time.

You collected 29 gold pieces.

Inventory:

Hand Weapons
 a - a +1 falchion (weapon)
Missiles
 e - 25 stones (quivered)
Armour
 b - a +0 leather armour (worn)
Scrolls
 d - a scroll of immolation {unknown}
 f - a scroll of enchant armour {unknown}
Potions
 g - a potion of brilliance
Comestibles
 c - 3 rations
 h - a chunk of flesh


   Skills:
 + Level 3.0 Fighting
 * Level 1.9 Long Blades
 + Level 1.8 Armour
 + Level 1.0 Dodging
 + Level 0.2 Stealth
 + Level 0.2 Unarmed Combat
 + Level 2.5 Invocations


You couldn't memorise any spells.
You didn't know any spells.
Your spell library was empty.

Dungeon Overview and Level Annotations

Branches:
Dungeon (1/15)

Altars:


Message History

The jackal is heavily wounded.
The jackal closely misses you.
You riposte.
You miss the jackal.
The jackal bites you but does no damage.
You barely miss the jackal. The jackal closely misses you.
The jackal bites you.
* * * LOW HITPOINT WARNING * * *
The jackal bites you.
* * * LOW HITPOINT WARNING * * *
The jackal closely misses you.
The jackal bites you but does no damage.
You hit the jackal.
You kill the jackal!
Lugonu accepts your kill.
Your Dodging skill increases to level 1!
The jackal misses you. The jackal bites you.
* * * LOW HITPOINT WARNING * * *
You closely miss the jackal.
The jackal is heavily wounded.
The jackal bites you.
You die...

P#.#PP####.## ≈#.#PPP##
# #......... ≈#.#P..P##
#......... ≈#.#...PP#
#.#......... ≈#.#....P#
#.#....?....
##.#######.##.#.........
..<......+............
##.#######.##.#....#
.#.#≈≈≈≈P#.##.##@h.##...
.#.#≈≈≈≈P#.##..#h†......
.#.#≈≈≈P##.##...........
P#.#≈≈P###.##..#........
P#.#PP##................
##+#####.#.............?
....................##..
..##.###.#.###.#....# ..
..##.###.#.###.#....#


You could see 2 jackals.

Vanquished Creatures
  2 jackals (D:1)
  A bat (D:1)
  A kobold (D:1)
  2 rats (D:1)
6 creatures vanquished.

Notes
Turn   | Place    | Note
-------+----------+-------------------------------------------
     0 | Abyss:1  | Mithandil the Demonspawn Abyssal Knight began the quest for
                  | the Orb.
     0 | Abyss:1  | Reached XP level 1. HP: 18/18 MP: 2/2
   116 | Abyss:1  | Noticed an insubstantial wisp
   117 | D:1      | Escaped the Abyss
   280 | D:1      | Reached skill level 1 in Dodging
   281 | D:1      | Slain by a jackal

Levels and vault maps discovered:
D:1:      psy_arrival_terrarium, layout_basic

Skill      XL: |  1 |
---------------+----+-----
Dodging        | 1 |  1.0
Fighting       | |  3.0
Long Blades    | |  1.9
Armour         | |  1.8
Stealth        | |  0.2
Unarmed Combat | |  0.2
Invocations    | |  2.5

Action                   || total
-------------------------++-------
Melee: Falchion          ||    14
Invok: Depart the Abyss  ||     1
  Use: Potion            ||     2
Armor: Leather armour    ||     8
Dodge: Dodged            ||    14
       Rpst.: Falchion   ||     5

Table legend:
 A = Non-vault XP
 B = Vault XP
 C = Vault XP percentage of total XP
 D = Non-vault monster count
 E = Vault monster count
 F = Vault count percentage of total count
                 A         B        C        D         E       F
            +---------+---------+-------+---------+---------+-------
      Total |       8 |       0 |   0.0 |       6 |       0 |   0.0
            +---------+---------+-------+---------+---------+-------
        D:1 |       8 |       0 |   0.0 |       6 |       0 |   0.0
            +---------+---------+-------+---------+---------+-------
